 Dungeon Crawl Stone Soup version 0.28-a0-1613-gdaab1c2f9b (webtiles) character file.

Game seed: 18120480466058991268

160430 Ijustatesigmund the Bludgeoner (level 17, -5/161 HPs)
             Began as a Minotaur Fighter on Jan 21, 2022.
             Was the Champion of the Shining One.
             Slain by a spriggan berserker (18 damage)
             ... on level 1 of the Depths.
             The game lasted 00:59:01 (31121 turns).

Ijustatesigmund the Bludgeoner (Minotaur Fighter)  Turns: 31121, Time: 00:59:01

Health: -5/161     AC: 19    Str: 32    XL:     17   Next: 18%
Magic:  28/28      EV: 17    Int:  9    God:    the Shining One [******]
Gold:   2109       SH:  8    Dex: 14    Spells: 16/16 levels left

rFire   + + .      SeeInvis .   a - +3 morningstar "Hiblies" {speed, rElec rC+ Str+7}
rCold   + + .      Faith    .   c - +1 buckler {reflect}
rNeg    + + +      Spirit   .   I - +3 chain mail {rF+}
rPois   .          Reflect  +   q - +1 hat
rElec   +          Harm     .   H - scarf {rC+ rF+}
rCorr   .          Rampage  .   m - +0 pair of gloves of the Beginning {Int+4 Slay+4 Stlth-}
Will    +....                   z - +0 pair of boots {Fly}
Stlth   ..........              (no amulet)
HPRegen 0.36/turn               k - +4 ring of slaying
MPRegen 0.21/turn               n - +4 ring of evasion

@: flying, glowing
A: horns 2, retaliatory headbutt
a: Renounce Religion, Divine Shield, Cleansing Flame, Summon Divine Warrior,
Brand Weapon With Holy Wrath


You were on level 1 of the Depths.
You worshipped the Shining One.
The Shining One was exalted by your worship.
You visited 5 branches of the dungeon, and saw 25 of its levels.
You also visited: Bailey and Gauntlet.

You collected 3307 gold pieces.
You spent 1198 gold pieces at shops.

Inventory:

Hand Weapons
 a - the +3 morningstar "Hiblies" (weapon) {speed, rElec rC+ Str+7}
   (You acquired it on level 10 of the Dungeon)

   Attacks with this weapon are significantly faster.
   Str:       It affects your strength (+7).
   rC:        It protects you from cold.
   rElec:     It insulates you from electricity.
 w - a +1 flail
Missiles
 C - 4 throwing nets (quivered)
 M - 12 javelins
Armour
 c - a +1 buckler of reflection (worn)
 m - the +0 pair of gloves of the Beginning (worn) {Int+4 Slay+4 Stlth-}
   (You found it in a Gauntlet)

   Int:       It affects your intelligence (+4).
   Slay:      It affects your accuracy & damage with ranged weapons and melee
   (+4).
   Stlth:     It makes you less stealthy.
 q - a +1 hat (worn)
 z - a +0 pair of boots of flying (worn)
 A - +0 fire dragon scales
 H - a scarf of resistance (worn)
 I - a +3 chain mail of fire resistance (worn)
Jewellery
 b - a ring of flight
 k - a +4 ring of slaying (left hand)
 n - a +4 ring of evasion (right hand)
 o - a ring of resist corrosion
 F - a ring of protection from fire
 K - a ring of protection from cold
 R - a ring of poison resistance
 V - a ring of protection from fire
Wands
 f - a wand of flame (41)
 E - a wand of iceblast (8)
 G - a wand of digging (4)
 N - a wand of polymorph (4)
 Q - a wand of mindburst (4)
 U - a wand of acid (16)
 W - a wand of charming (3)
Scrolls
 e - a scroll of immolation
 g - 4 scrolls of amnesia
 h - 2 scrolls of magic mapping
 i - 5 scrolls of teleportation
 j - 6 scrolls of fog
 t - 5 scrolls of identify
 u - 3 scrolls of enchant weapon
 y - a scroll of enchant armour
 L - a scroll of brand weapon
 P - 2 scrolls of silence
 X - a scroll of fear
Potions
 d - 5 potions of brilliance
 l - a potion of heal wounds
 p - a potion of invisibility
 r - 2 potions of lignification
 s - 7 potions of ambrosia
 v - 2 potions of berserk rage
 x - a potion of haste
 B - 5 potions of might
 D - a potion of resistance
 J - 4 potions of attraction
 S - 3 potions of mutation
 T - a potion of cancellation
 Y - a potion of flight
 Z - a potion of curing
Miscellaneous
 O - a piece from Xom's chessboard (15/15)


   Skills:
 + Level 17.0 Fighting
 + Level 20.1 Maces & Flails
 - Level 13.1 Armour
 - Level 10.3 Dodging
 - Level 12.6 Shields
 + Level 17.8 Invocations


You had 16 spell levels left.
You didn't know any spells.
Your spell library contained the following spells:

 Spells                   Type           Power      Damage    Failure   Level
 Sandblast                Erth           0%         2d4       83%         1
 Sting                    Tmut/Pois      0%         1d3       83%         1
 Summon Small Mammal      Summ           0%         N/A       83%         1
 Passwall                 Tmut/Erth      0%         N/A       93%         2
 Poisonous Vapours        Pois/Air       0%         N/A       93%         2
 Static Discharge         Conj/Air       0%         N/A       93%         2
 Call Canine Familiar     Summ           0%         N/A       99%         3
 Ignite Poison            Fire/Tmut/Pois 0%         N/A       99%         3
 Mephitic Cloud           Conj/Pois/Air  0%         N/A       99%         3
 Ozocubu's Armour         Ice            0%         N/A       99%         3
 Portal Projectile        Hex/Tloc       0%         N/A       99%         3
 Stone Arrow              Conj/Erth      0%         3d7       99%         3
 Summon Guardian Golem    Hex/Summ       0%         N/A       99%         3
 Swiftness                Air            0%         N/A       99%         3
 Tukima's Dance           Hex            0%         N/A       99%         3
 Anguish                  Hex/Necr       0%         N/A       100%        4
 Iskenderun's Mystic Bla  Conj/Tloc      0%         2d3       100%        4
 Leda's Liquefaction      Hex/Erth       0%         N/A       100%        4
 Olgreb's Toxic Radiance  Pois           0%         N/A       100%        4
 Passage of Golubria      Tloc           0%         N/A       100%        4
 Summon Ice Beast         Ice/Summ       0%         N/A       100%        4
 Blade Hands              Tmut           0%         N/A       100%        5
 Excruciating Wounds      Necr           0%         N/A       100%        5
 Freezing Cloud           Conj/Ice/Air   0%         6-21      100%        5
 Lee's Rapid Deconstruct  Erth           0%         3d5*      100%        5
 Lightning Bolt           Conj/Air       0%         1d11      100%        5
 Metabolic Englaciation   Hex/Ice        0%         N/A       100%        5
 Simulacrum               Ice/Necr       0%         N/A       100%        6
 Enfeeble                 Hex            0%         N/A       100%        7
 Maxwell's Capacitive Co  Air            0%         ∞         100%        8


Dungeon Overview and Level Annotations

Branches:
Dungeon (15/15)            Temple (1/1) D:4            Lair (6/6) D:8
 Shoals (0/4) Lair:4       Spider (0/4) Lair:2        Slime (0/5) Lair:6
    Orc (2/2) D:11            Elf (0/3) Orc:2        Vaults (0/5) D:14
 Depths (1/4) D:15         Bailey (visited)         Gauntlet (visited)

Altars:
Ashenzari
Cheibriados
Dithmenos
Elyvilon
Fedhas
Gozag
Hepliaklqana
Kikubaaqudgha
Makhleb
Nemelex Xobeh
Okawaru
Qazlal
Ru
Sif Muna
Trog
Uskayaw
Vehumet
Wu Jian
Xom
Yredelemnul
Zin
The Shining One
Beogh
Jiyva

Shops:
D:9 [   D:10 [*:?*   D:11 [   Orc:2 =([*   Depths:1 (!![

Portals:
Ziggurat: Depths:1

Annotations:
D:14 2 transporters, caleiya's ghost, journeyman MiFi


Innate Abilities, Weirdness & Mutations

You have a pair of horns on your head.
You reflexively headbutt those who attack you in melee.


Message History

The spriggan berserker hits you with a +0 quarterstaff.
You are too injured to fight recklessly!
You are too injured to fight recklessly!
You are too injured to fight recklessly!
You are too injured to fight recklessly!
You are too injured to fight recklessly!
You are too injured to fight recklessly!
You are too injured to fight recklessly!
You are too injured to fight recklessly!
You are too injured to fight recklessly!
You are too injured to fight recklessly!
You are too injured to fight recklessly!
You are too injured to fight recklessly!
You are too injured to fight recklessly!
You are too injured to fight recklessly!
You are too injured to fight recklessly!
You are too injured to fight recklessly!
You feel extremely sick.
You see here a very ugly thing corpse.
You feel extremely sick.
The spriggan berserker hits you with a +0 quarterstaff.
* * * LOW HITPOINT WARNING * * *
The spriggan rider hits you from afar with a +0 spear!!
* * * LOW HITPOINT WARNING * * *
You see here an ugly thing corpse.
You bludgeon the spriggan berserker!!
The spriggan berserker is heavily wounded.
* * * LOW HITPOINT WARNING * * *
You feel very sick.
You block the spriggan berserker's attack.
You feel much better.
You feel extremely sick.
The spriggan berserker hits you with a +0 quarterstaff!!
* * * LOW HITPOINT WARNING * * *
You block the spriggan rider's attack.
You feel better.
The spriggan berserker closely misses you.
You block the spriggan rider's attack.
The spriggan berserker hits you with a +0 quarterstaff!!
You die...

#....#...#....#
#.....888.....###
..#.∩.888.∩.#...#
#..)..888.....#.########
#....#...#....#.........
##.....∩.....##.u..i....
##.........####i######
##...#...## #i#
##.....## #@# ###.###
#.# ..##.............
##.##.#.##.######. .# #
#.# #.# ..# ###


You could see a green ugly thing, a spriggan rider and a spriggan berserker
(berserk).

Vanquished Creatures
  Rupert (D:14)
  Gastronok (D:10)
  A tengu reaver (D:12)
  Agnes (D:15)
  Kirke (Lair:5)
  A storm dragon (D:12)
  2 fire giants
  3 frost giants
  The ghost of feta the Nimble, a journeyman GnGl of Kikubaaqudgha (Orc:1)
  4 stone giants (Depths:1)
  12 very ugly things (Depths:1)
  Nessos (D:13)
  A minotaur (Gauntlet)
  4 ettins
  A fire dragon (D:12)
  A deep elf high priest (D:12)
  2 great orbs of eyes (Depths:1)
  A yaktaur captain (D:12)
  4 boulder beetles
  4 vault guards (D:14)
  12 hydras
  2 rakshasas
  A catoblepas (Lair:5)
  A spriggan air mage (Depths:1)
  7 two-headed ogres
  6 centaur warriors
  2 death knights
  3 ogre magi
  11 death yaks
  A deep troll earth mage (D:12)
  Urug (Orc:2)
  An alligator (Lair:6)
  5 tengu warriors
  An orc high priest (Orc:2)
  2 deep elf knights
  2 skeletal warriors
  The ghost of anet the Evangelist, a novice HOCj of Beogh (D:7)
  A glowing orange brain (D:15)
  A wizard (D:14)
  An orange crystal statue (Gauntlet)
  An orc knight (D:14)
  3 deep elf pyromancers
  3 orc sorcerers (Orc:2)
  A necromancer (Depths:1)
  A wolf spider (Lair:2)
  A stone giant zombie (Depths:1)
  An iron dragon zombie (Depths:1)
  A moth of wrath (D:7)
  2 cyclopes
  27 ugly things
  A manticore (shapeshifter) (D:15)
  A black mamba (shapeshifter) (D:12)
  A fire giant skeleton (Depths:1)
  13 elephants
  3 manticores
  A merfolk siren (Lair:4)
  12 cane toads
  7 black mambas
  A torpor snail (Lair:6)
  A gargoyle (D:11)
  5 rime drakes
  A yaktaur (D:14)
  Maggie (D:10)
  6 komodo dragons
  5 tengu conjurers
  5 trolls
  A meliai (D:12)
  4 polar bears
  2 queen bees
  4 hornets (Lair:6)
  A meliai zombie (D:11)
  30 blink frogs
  13 slime creatures
  20 dream sheep
  47 yaks
  15 spriggans (Lair:6)
  A wraith (D:11)
  10 wyverns
  A hog (Lair:5)
  5 basilisks
  7 steam dragons
  5 vampire mosquitoes (D:11)
  A warg (Orc:2)
  25 water moccasins
  Duvessa (D:4)
  A human skeleton (Depths:1)
  26 orc warriors
  6 black bears
  A hornet zombie (D:7)
  4 sky beasts (D:8)
  An ice beast (D:5)
  7 ogres
  4 boggarts (Lair:6)
  25 wolves
  14 centaurs
  5 phantoms
  8 kobold brigands (Bailey)
  10 bullfrogs
  A gnoll sergeant (D:7)
  2 scorpions
  Dowan (D:4)
  A water moccasin skeleton (D:6)
  35 killer bees
  8 wights
  A bullfrog zombie (D:6)
  4 centaur zombies
  A centaur skeleton (D:5)
  3 hounds
  A jelly (D:4)
  13 orc priests
  A gnoll shaman (D:8)
  Jessica (D:3)
  An iguana (D:6)
  14 orc wizards
  8 hell rats
  Robin (D:2)
  2 adders
  16 gnolls
  A howler monkey skeleton (D:7)
  A white imp (D:7)
  2 ufetubi
  An adder skeleton (D:4)
  2 worms (D:3)
  44 orcs
  A bat (D:1)
  8 endoplasms
  4 giant cockroaches
  18 goblins
  11 hobgoblins
  2 jackals (D:1)
  3 quokkas
  8 ball pythons
  2 frilled lizards
  18 kobolds
  7 rats
  2 fire vortices (Lair:2)
  A fungus (Lair:5)
770 creatures vanquished.

Vanquished Creatures (collateral kills)
  An orc warlord (Orc:2)
  2 orc knights (Orc:2)
  3 orc warriors (Orc:2)
  An orc priest (Orc:2)
  2 orc wizards (Orc:2)
9 creatures vanquished.

Vanquished Creatures (others)
  A human (Lair:5)
  44 fungi
  72 plants
117 creatures vanquished.

Grand Total: 896 creatures vanquished

Notes
Turn   | Place    | Note
-------+----------+-------------------------------------------
     0 | D:1      | Ijustatesigmund the Minotaur Fighter began the quest for
                  | the Orb.
     0 | D:1      | Reached XP level 1. HP: 19/19 MP: 0/0
   105 | D:1      | Found a faded altar of an unknown god.
   120 | D:1      | Reached skill level 3 in Maces & Flails
   311 | D:1      | Reached XP level 2. HP: 27/27 MP: 1/1
   932 | D:1      | Reached XP level 3. HP: 33/33 MP: 2/2
  1106 | D:2      | Noticed Robin
  1117 | D:2      | Killed Robin
  1118 | D:2      | Reached skill level 4 in Maces & Flails
  1866 | D:3      | Reached XP level 4. HP: 25/41 MP: 3/3
  2053 | D:3      | Noticed Jessica
  2315 | D:3      | Found a sparkling altar of Nemelex Xobeh.
  2417 | D:3      | Killed Jessica
  2418 | D:3      | Reached skill level 5 in Maces & Flails
  2599 | D:4      | Reached skill level 5 in Fighting
  2599 | D:4      | Reached XP level 5. HP: 42/48 MP: 4/4
  2869 | D:4      | Noticed a phantom
  2874 | D:4      | Killed a phantom
  2875 | D:4      | Reached XP level 6. HP: 54/56 MP: 5/5
  2892 | D:4      | Found a staircase to the Ecumenical Temple.
  2906 | Temple   | Entered the Ecumenical Temple
  3031 | Temple   | Became a worshipper of Elyvilon the Healer
  3123 | D:4      | Noticed Dowan
  3124 | D:4      | Noticed Duvessa
  3127 | D:5      | Entered Level 5 of the Dungeon
  3137 | D:5      | Reached skill level 6 in Maces & Flails
  3255 | D:5      | Found a shimmering blue altar of Sif Muna.
  3255 | D:5      | Found a snail-covered altar of Cheibriados.
  3255 | D:5      | Found a glowing golden altar of the Shining One.
  3279 | D:5      | Noticed an orc warrior
  3337 | D:4      | Killed Dowan
  3338 | D:4      | Reached skill level 1 in Invocations
  3431 | D:4      | Killed Duvessa
  3432 | D:4      | Reached skill level 5 in Armour
  3433 | D:4      | HP: 4/85 [phantom (5)]
  3437 | D:4      | Reached XP level 7. HP: 6/63 MP: 5/7
  4133 | D:5      | Found a burning altar of Makhleb.
  4220 | D:5      | Reached skill level 7 in Maces & Flails
  4270 | D:5      | Reached XP level 8. HP: 52/73 MP: 9/9
  4515 | D:5      | Fell from the grace of Elyvilon
  4515 | D:5      | Became a worshipper of the Shining One
  5107 | D:6      | Reached skill level 8 in Maces & Flails
  5193 | D:6      | Found a stormy altar of Qazlal.
  5195 | D:6      | Found an ancient bone altar of Kikubaaqudgha.
  5597 | D:7      | Reached skill level 1 in Dodging
  5597 | D:7      | Reached XP level 9. HP: 44/81 MP: 11/11
  5954 | D:7      | Found a transporter.
  5956 | D:7      | Noticed anet's ghost (novice HOCj)
  5963 | D:7      | Found a transporter.
  5967 | D:7      | Found a bloodstained altar of Trog.
  5967 | D:7      | Noticed a troll
  5967 | D:7      | Noticed a moth of wrath
  5985 | D:7      | Noticed a manticore
  5991 | D:7      | Killed a manticore
  5992 | D:7      | Reached skill level 5 in Invocations
  6288 | D:7      | Reached * piety under the Shining One
  6311 | D:7      | Reached skill level 9 in Maces & Flails
  7186 | D:8      | Found a staircase to the Lair.
  7203 | D:8      | Found a flagged portal.
  7217 | Bailey   | Entered a bailey
  7347 | Bailey   | Reached XP level 10. HP: 36/92 MP: 13/13
  7579 | Bailey   | Found a burning altar of Makhleb.
  7682 | D:8      | Reached ** piety under the Shining One
  7741 | D:8      | Noticed a centaur warrior
  8798 | D:9      | Reached skill level 10 in Maces & Flails
  8838 | D:9      | Found Jyssuliu's Armour Boutique.
  8839 | D:9      | Found a shadowy altar of Dithmenos.
  8841 | D:9      | Found a shimmering altar of Xom.
  8863 | D:9      | Found a bloodstained altar of Trog.
  8863 | D:9      | Found a blossoming altar of Fedhas.
  8936 | D:9      | Found a hide-covered altar of Uskayaw.
  8945 | D:9      | Found a broken altar of Ashenzari.
  9054 | D:9      | Noticed a two-headed ogre
  9063 | D:9      | Killed a two-headed ogre
  9064 | D:9      | Reached skill level 10 in Fighting
  9598 | D:9      | Reached skill level 5 in Shields
  9708 | D:10     | Entered Level 10 of the Dungeon
 10060 | D:10     | Found Gipto's Magic Scroll Boutique.
 10085 | D:10     | Noticed Maggie
 10095 | D:10     | Killed Maggie
 10235 | D:10     | Found Jiebb's Assorted Antiques.
 10259 | D:10     | Noticed Gastronok
 10278 | D:10     | Killed Gastronok
 10279 | D:10     | Reached skill level 11 in Maces & Flails
 10279 | D:10     | Reached XP level 11. HP: 88/102 MP: 13/15
 10351 | D:10     | Found Joigek's General Store.
 10359 | D:10     | Bought a scroll of fear for 38 gold pieces
 10359 | D:10     | Bought a potion of might for 44 gold pieces
 10359 | D:10     | Bought a scroll of identify for 22 gold pieces
 11025 | D:8      | Killed a centaur warrior
 11299 | D:10     | Found Pimi's Book Shop.
 11519 | D:10     | Bought 3 scrolls of identify for 78 gold pieces
 11523 | D:10     | Identified 3 scrolls of acquirement
 11526 | D:10     | Acquired a manual of Maces & Flails
 11530 | D:10     | Acquired the +3 morningstar "Hiblies" {speed, rElec rC+
                  | Str+7}
 11537 | D:10     | Acquired a +0 pair of boots of flying
 11722 | D:10     | Found Kimpi's Armour Shoppe.
 11769 | D:11     | Reached skill level 13 in Maces & Flails
 11769 | D:11     | Reached XP level 12. HP: 113/113 MP: 16/18
 11919 | D:11     | Noticed a five-headed hydra
 11924 | D:11     | Killed a five-headed hydra
 11930 | D:11     | Reached skill level 14 in Maces & Flails
 12061 | D:11     | Noticed a two-headed ogre
 12080 | D:11     | Killed a two-headed ogre
 12213 | D:11     | Noticed a two-headed ogre
 12220 | D:11     | Reached skill level 10 in Invocations
 12221 | D:11     | Reached *** piety under the Shining One
 12224 | D:11     | Killed a two-headed ogre
 12394 | D:11     | Reached skill level 15 in Maces & Flails
 12598 | D:11     | Found Ramuorch's Armour Boutique.
 12607 | D:11     | Bought a scarf of resistance for 416 gold pieces
 12607 | D:11     | Bought a +3 chain mail of fire resistance for 344 gold
                  | pieces
 12724 | D:11     | Found a staircase to the Orcish Mines.
 13100 | D:12     | You are sucked into a shaft and drop 2 floors!
 13100 | D:14     | Found a transporter.
 13104 | D:14     | Noticed a five-headed hydra
 13107 | D:14     | Noticed a tengu warrior
 13109 | D:14     | Noticed caleiya's ghost (journeyman MiFi)
 13109 | D:14     | Noticed a death knight
 13140 | D:13     | Found a gate leading to a gauntlet.
 13146 | Gauntlet | Entered a Gauntlet
 13146 | Gauntlet | Noticed a catoblepas
 13146 | Gauntlet | Found a transporter.
 13146 | Gauntlet | Found a transporter.
 13147 | Gauntlet | Found a transporter.
 13147 | Gauntlet | Found a transporter.
 13173 | Gauntlet | Found a transporter.
 13183 | Gauntlet | Found a transporter.
 13187 | Gauntlet | Found a transporter.
 13197 | Gauntlet | Found a transporter.
 13200 | Gauntlet | Noticed a death yak
 13204 | Gauntlet | Noticed a death yak
 13206 | Gauntlet | Noticed a death yak
 13207 | Gauntlet | Noticed a death yak
 13207 | Gauntlet | Noticed a death yak
 13226 | Gauntlet | Found a transporter.
 13229 | Gauntlet | Found a transporter.
 13233 | Gauntlet | Noticed a tengu warrior
 13240 | Gauntlet | Found a transporter.
 13282 | Gauntlet | Found a transporter.
 13465 | Gauntlet | Killed a tengu warrior
 13540 | Gauntlet | Identified the +0 pair of gloves of the Beginning {Int+4
                  | Slay+4 Stlth-}
 13567 | Gauntlet | Noticed a minotaur
 13576 | Gauntlet | Killed a minotaur
 13577 | Gauntlet | Reached skill level 16 in Maces & Flails
 13577 | Gauntlet | Reached XP level 13. HP: 115/124 MP: 20/20
 14141 | D:12     | Noticed a fire dragon
 14141 | D:12     | Reached **** piety under the Shining One
 14187 | D:12     | Reached skill level 17 in Maces & Flails
 14647 | D:12     | Killed a fire dragon
 14934 | D:12     | Identified the +0 robe "Ofigyif" {rC- rN++ Str+3}
 14947 | D:12     | Reached skill level 15 in Fighting
 14951 | D:12     | Noticed an ettin
 14955 | D:12     | Reached skill level 18 in Maces & Flails
 14961 | D:12     | Killed an ettin
 15098 | D:12     | Noticed a fire giant
 15104 | D:12     | Killed a fire giant
 15130 | D:12     | Noticed a storm dragon
 15139 | D:12     | Noticed a tengu reaver
 15140 | D:12     | Killed a storm dragon
 15148 | D:12     | Killed a tengu reaver
 15639 | D:12     | Noticed a frost giant
 15647 | D:12     | Killed a frost giant
 15648 | D:12     | Reached skill level 19 in Maces & Flails
 15772 | D:12     | Got the Almanac of Freezing Displacement
 16003 | D:13     | Reached XP level 14. HP: 136/136 MP: 22/22
 16297 | D:13     | Noticed Nessos
 16307 | D:13     | Killed Nessos
 17069 | D:14     | Found a transporter.
 17249 | D:14     | Noticed Rupert
 17582 | D:14     | Reached skill level 5 in Dodging
 17712 | D:14     | Paralysed by Rupert for 3 turns
 17722 | D:14     | Killed Rupert
 17978 | D:14     | Found a gate to the Vaults.
 18163 | D:7      | Identified the +0 ring mail "Pomamar" {rElec rN+ Int-3
                  | Stlth+}
 18176 | D:7      | Killed anet's ghost
 18260 | Lair:1   | Entered Level 1 of the Lair of Beasts
 18465 | Lair:1   | Reached skill level 10 in Armour
 19394 | Lair:2   | Reached ***** piety under the Shining One
 19937 | Lair:2   | Found a hole to the Spider Nest.
 19979 | Lair:2   | Reached XP level 15. HP: 144/144 MP: 24/24
 21045 | Lair:3   | Got the Reference Book on Flying Clay
 21165 | Lair:3   | You are sucked into a shaft and drop 1 floor!
 21205 | Lair:4   | Identified the +9 morningstar "Aptyzxi" {drain, +Blink rC+}
 22326 | Lair:4   | Found a staircase to the Shoals.
 22720 | Lair:5   | Reached skill level 10 in Dodging
 22720 | Lair:5   | Reached skill level 15 in Invocations
 23185 | Lair:5   | Noticed Kirke
 23198 | Lair:5   | Killed Kirke
 23833 | Lair:6   | Entered Level 6 of the Lair of Beasts
 24675 | Lair:6   | Reached XP level 16. HP: 151/151 MP: 26/26
 24996 | Lair:6   | Found a viscous altar of Jiyva.
 24996 | Lair:6   | Found a staircase to the Slime Pits.
 25402 | Orc:1    | Entered Level 1 of the Orcish Mines
 25439 | Orc:1    | Reached ****** piety under the Shining One
 25601 | Orc:1    | Noticed feta's ghost (journeyman GnGl)
 25608 | Orc:1    | Found a runed translucent door.
 25942 | Orc:1    | Killed feta's ghost
 25989 | Orc:2    | Entered Level 2 of the Orcish Mines
 26220 | Orc:2    | Found a staircase to the Elven Halls.
 26284 | Orc:2    | Reached skill level 10 in Shields
 26366 | Orc:2    | Noticed Urug
 26393 | Orc:2    | Killed Urug
 26412 | Orc:2    | Found Ruon's General Store.
 26586 | Orc:2    | Found Utwash's Antique Armour Shoppe.
 26652 | Orc:2    | Found Fira's Antique Weapon Shoppe.
 26718 | Orc:2    | Found Xymor's Jewellery Shoppe.
 27269 | D:15     | Entered Level 15 of the Dungeon
 28008 | D:15     | Noticed Agnes
 28016 | D:15     | Killed Agnes
 28429 | D:15     | Paralysed by an ogre mage for 6 turns
 28958 | D:15     | Found a staircase to the Depths.
 29521 | Depths:1 | Entered Level 1 of the Depths
 30103 | Depths:1 | Reached XP level 17. HP: 36/160 MP: 28/28
 30467 | Depths:1 | Found a one-way gateway to a ziggurat.
 30483 | Depths:1 | Reached skill level 20 in Maces & Flails
 30995 | Depths:1 | Found Sugosiompuy's Distillery.
 30995 | Depths:1 | Found Xutis's Distillery.
 30997 | Depths:1 | Found Uro Utes's Antique Weapon Boutique.
 31003 | Depths:1 | Found Massutaf's Antique Armour Shop.
 31014 | Depths:1 | Bought a potion of curing for 48 gold pieces
 31014 | Depths:1 | Bought a potion of curing for 48 gold pieces
 31014 | Depths:1 | Bought a potion of heal wounds for 80 gold pieces
 31014 | Depths:1 | Bought a potion of berserk rage for 80 gold pieces
 31120 | Depths:1 | HP: 6/161 [spriggan berserker (29)]
 31121 | Depths:1 | Slain by a spriggan berserker

Illustrated notes

Levels and vault maps discovered:
D:1:      ebering_trefoil_3fold, layout_loops_ring,
          hellmonk_ecumenical_altar_blasted, grunt_decor_mini_mirrors,
          minmay_misc_feat_encased
D:2:      layout_loops_cross, uniq_robin
D:3:      layout_rooms, lemuel_round_altar, uniq_jessica
D:4:      layout_loops_ring, minmay_temple_entry_mist, uniq_duvessa
D:5:      layout_basic, amcnicky_altar_gilded, gammafunk_temple_overflow_claw
D:6:      layout_rooms, mainiacjoe_overflow_catwalk_spiral
D:7:      layout_cave_pods, gammafunk_ghost_wrathful_warriors
D:8:      layout_gridville, lair_entry_dummy, enter_bailey_3,
          hangedman_misty_isle
D:9:      layout_roguey, grunt_temple_overflow_open, serial_shops,
          nicolae_shop_advertising_works [nicolae_subvault_shop_adworks],
          fountainhead, kennysheep_generic_room_12
D:10:     layout_irregular_city, serial_shops, shop, nicolae_shop_statue_plus,
          nicolae_inconvenience_store, nicolae_shop_statue_plus, shop,
          uniq_gastronok, uniq_maggie
D:11:     nzn_winding_woodlands_small [nzn_winding_woodlands_5x15_concentric,
          nzn_winding_woodlands_center_lodge, nzn_winding_woodlands_5x15_twine],
          layout_gridville, erik_orc_3, serial_shops, shop
D:12:     minmay_tearing_corner, layout_basic
D:13:     layout_irregular_city, gauntlet_entry_generic, uniq_nessos
D:14:     layout_cave_pools, grunt_vaults_entry_fortified, nzn_ghost_randoct,
          skrybe_limestone_x, uniq_rupert
D:15:     gammafunk_enter_depths_forms, layout_small_grid, st_stairs_13,
          uniq_agnes
Temple:   nicolae_temple_figure_zero
Lair:1:   layout_roguey, lemuel_another_geyser, grunt_megastairs_5
Lair:2:   layout_gridlike, spider_nest_entry_rubble
Lair:3:   regret_index_wax_grids, layout_chaotic_city
Lair:4:   layout_misc_corridors, minmay_shoals_entry_lonely_mermaid,
          lemuel_fruit_fields
Lair:5:   layout_cave_pods, infiniplex_staircase_pool, grunt_megastairs_1,
          uniq_kirke
Lair:6:   minmay_lair_end_enchanted_forest, layout_small_grid, slime_altar_1
Orc:1:    layout_diamond_mine, hellmonk_ghost_happy_afterlife, basic_altar
Orc:2:    grunt_orc_cross, layout_caves
Depths:1: layout_gridlike, enter_ziggurat_a, minmay_misc_feat_roman,
          grunt_mini_vestibule, hangedman_blasphemy, grunt_megastairs_3,
          serial_bayou_shore_b, minmay_shoptagon, serial_bayou_shore_b

Skill      XL: |  1  2  3  4  5  6  7  8  9 10 11 12 13 14 15 16 17 |
---------------+----------------------------------------------------+-----
Maces & Flails | 3 4 5 6 7 8 9 11 13 16 19 20 | 20.1
Fighting       | 4 5 6 7 8 9 11 12 14 15 16 17 | 17.0
Armour         | 4 5 6 7 9 11 13 | 13.1
Invocations    | 1 3 4 6 7 9 10 12 14 15 17 | 17.8
Dodging        | 1 4 8 10 | 10.3
Shields        | 6 7 9 12 | 12.6

Action                   |  1- 3 |  4- 6 |  7- 9 | 10-12 | 13-15 | 16-18 || total
-------------------------+-------+-------+-------+-------+-------+-------++-------
Melee: Flail             |    90 |    94 |   214 |   176 |       |       ||   574
       Headbutt          |     5 |     8 |    39 |    89 |   252 |   147 ||   540
       Morningstar       |       |       |       |   155 |   812 |   473 ||  1440
Throw: Throwing net      |       |       |       |     1 |       |       ||     1
Invok: Divine Shield     |       |       |     1 |     6 |     2 |     2 ||    11
       Cleansing Flame   |       |       |       |       |     1 |       ||     1
       Summon Divine War |       |       |       |       |       |     1 ||     1
Evoke: Wand              |       |       |       |     3 |     2 |       ||     5
  Use: Scroll            |     1 |    10 |     2 |    14 |    10 |     1 ||    38
       Potion            |     1 |     4 |       |     5 |     2 |     3 ||    15
Armor: Scale mail        |    33 |    22 |       |       |       |       ||    55
       Skin              |       |    34 |       |       |       |       ||    34
       Chain mail        |       |       |    74 |   113 |   224 |    65 ||   476
Dodge: Dodged            |    39 |    38 |    99 |   180 |   369 |   129 ||   854
Block: Buckler           |    12 |    35 |    93 |   118 |   173 |    91 ||   522
       Reflection        |       |       |       |       |    12 |     1 ||    13

Table legend: (Time is in decaauts)
 A = Elapsed time spent in this place.
 B = Non-inter-level travel time spent in this place.
 C = Inter-level travel time spent in this place.
 D = Time resting spent in this place.
 E = Time spent auto-exploring this place.
 F = Levels seen in this place.
 G = Mean time per level.
                   A        B        C        D        E       F      G
               +--------+--------+--------+--------+--------+-----+--------+
         Total |  30419 |  29126 |   1293 |   6279 |  18676 |  27 | 1126.6 |
       Dungeon |  19439 |  18579 |    860 |   4666 |  11562 |  15 | 1295.9 |
        Temple |    138 |    114 |     24 |      0 |    111 |   1 |  138.0 |
          Lair |   6754 |   6442 |    312 |    462 |   5064 |   6 | 1125.7 |
  Orcish Mines |   1733 |   1639 |     94 |     16 |   1390 |   2 |  866.5 |
        Depths |   1522 |   1522 |      0 |    915 |    447 |   1 | 1522.0 |
        Bailey |    425 |    425 |      0 |    217 |     86 |   1 |  425.0 |
      Gauntlet |    406 |    406 |      0 |      3 |     15 |   1 |  406.0 |
               +--------+--------+--------+--------+--------+-----+--------+

Top non-repeatable levels by time:
     D:7: 2591 daAuts
    D:12: 2327 daAuts
    D:15: 2165 daAuts
Depths:1: 1522 daAuts
    D:11: 1316 daAuts
  Lair:6: 1292 daAuts
  Lair:2: 1263 daAuts
     D:4: 1262 daAuts
  Lair:3: 1258 daAuts
    D:13: 1166 daAuts
   Orc:2: 1147 daAuts
    D:10: 1143 daAuts
     D:9: 1134 daAuts
     D:8: 1088 daAuts
     D:1: 1043 daAuts
